ESL (28 & UNDER)
RIO GRANDE RATTLESNAKE @ PENQUANNOCK OVERRATED JETER
06/17/2029
 
TOP OF THE 1ST
Rio Grande Rattlesnake batting - Pitching for Penquannock Overrated Jeter : RHP Ramiro Vargas
Pitching: RHP Ramiro Vargas
Batting: RHB Gilberto Guzmán 0-0: Fly out, F7 (Flyball, 78M)
Batting: RHB Carlos Guevara 0-0: Ball
1-0: Called Strike
1-1: Called Strike
1-2: SINGLE (Groundball, 4MD)
Batting: SHB Carlos Reyes 0-0: Called Strike
0-1: Ground out 3-1 (Groundball, 34)
Carlos Guevara to second
Batting: LHB Claudio Rodríguez 0-0: Called Strike
0-1: Foul Ball, location: 2F
0-2: Ball
1-2: Ground out 5-3 (Groundball, 56)
Top of the 1st over - 0 runs, 1 hit, 0 errors, 1 left on base; Rio Grande 0 - Penquannock 0
BOTTOM OF THE 1ST
Penquannock Overrated Jeter batting - Pitching for Rio Grande Rattlesnake : RHP Neil Snow
Pitching: RHP Neil Snow
Batting: RHB Gary Wyatt 0-0: Swinging Strike
0-1: SOLO HOME RUN (Flyball, 89XD), Distance : 405 ft
Batting: RHB Alberto Campos 0-0: Ball
1-0: Foul Ball, location: 2F
1-1: Called Strike
1-2: SINGLE (Groundball, 5D)
Batting: LHB Eric Powell 0-0: Called Strike
0-1: Foul Ball, location: 2F
0-2: Ball
1-2: Ball
2-2: Foul Ball, location: 2F
2-2: Ball
3-2: Base on Balls
Alberto Campos to second
Batting: SHB Tim Reid 0-0: Called Strike
0-1: Ball
1-1: Called Strike
1-2: Ball
2-2: Foul Ball, location: 2F
2-2: Foul Ball, location: 2F
2-2: Foul Ball, location: 2F
2-2: Strikes out swinging
Batting: SHB Cristián López 0-0: Ball
1-0: Ball
2-0: Called Strike
2-1: Ball
3-1: Called Strike
3-2: Strikes out swinging
Batting: LHB Matt Reese 0-0: SINGLE (Groundball, 4) (infield hit)
Alberto Campos to third
Eric Powell to second
Batting: LHB Félix Costa 0-0: Ball
1-0: Called Strike
1-1: Foul Ball, location: 2F
1-2: Ball
2-2: Foul Ball, location: 2F
2-2: Ball
3-2: Strikes out swinging
Bottom of the 1st over - 1 run, 3 hits, 0 errors, 3 left on base; Rio Grande 0 - Penquannock 1
TOP OF THE 2ND
Rio Grande Rattlesnake batting - Pitching for Penquannock Overrated Jeter : RHP Ramiro Vargas
Batting: RHB Gary Thomas 0-0: Swinging Strike
0-1: Ball
1-1: Swinging Strike
1-2: Foul Ball, location: 2F
1-2: Fly out, F9 (Flyball, 9LM)
Batting: LHB José Garza 0-0: Called Strike
0-1: Ball
1-1: Foul Ball, location: 2F
1-2: Foul Ball, location: 2F
1-2: Ball
2-2: Foul Ball, location: 2F
2-2: Foul Ball, location: 2F
2-2: Ball
3-2: Fly out, F4 (Popup, 4MD)
Batting: RHB Doug Delaney 0-0: SINGLE (Flyball, 89S)
Batting: RHB Paul Martin 0-0: Ball
1-0: Called Strike
1-1: Ball
Wild Pitch!
Doug Delaney to second
2-1: Ground out 5-3 (Groundball, 56)
Top of the 2nd over - 0 runs, 1 hit, 0 errors, 1 left on base; Rio Grande 0 - Penquannock 1
BOTTOM OF THE 2ND
Penquannock Overrated Jeter batting - Pitching for Rio Grande Rattlesnake : RHP Neil Snow
Batting: RHB Phil Wright 0-0: Ball
1-0: Called Strike
1-1: Called Strike
1-2: SINGLE (Line Drive, 89S)
Batting: LHB Roberto Trujillo 0-0: Foul Ball, location: 2F
0-1: Called Strike
0-2: Ball
1-2: Strikes out swinging
Phil Wright steals 2nd base
Batter strikes out.
Batting: RHB Gary Wyatt 0-0: Fly out, F9 (Flyball, 9S)
Batting: RHB Alberto Campos 0-0: Called Strike
0-1: Swinging Strike
0-2: Fly out, F9 (Flyball, 9D)
Bottom of the 2nd over - 0 runs, 1 hit, 0 errors, 1 left on base; Rio Grande 0 - Penquannock 1
TOP OF THE 3RD
Rio Grande Rattlesnake batting - Pitching for Penquannock Overrated Jeter : RHP Ramiro Vargas
Batting: SHB Jeremy Holmes 0-0: Ball
1-0: Called Strike
1-1: Foul Ball, location: 2F
1-2: Strikes out swinging
Batting: RHB Gilberto Guzmán 0-0: Ground out 1-3 (Groundball, 15S)
Batting: RHB Carlos Guevara 0-0: Foul Ball, location: 2F
0-1: Foul Ball, location: 2F
0-2: Foul Ball, location: 2F
0-2: Strikes out swinging
Top of the 3rd over - 0 runs, 0 hits, 0 errors, 0 left on base; Rio Grande 0 - Penquannock 1
BOTTOM OF THE 3RD
Penquannock Overrated Jeter batting - Pitching for Rio Grande Rattlesnake : RHP Neil Snow
Batting: LHB Eric Powell 0-0: Foul Ball, location: 2F
0-1: Ball
1-1: Ball
2-1: Ground out 1-3 (Groundball, 15S)
Batting: SHB Tim Reid 0-0: Ball
1-0: Called Strike
1-1: Called Strike
1-2: Ball
2-2: Foul Ball, location: 2F
2-2: Strikes out looking
Batting: SHB Cristián López 0-0: Reached via error on a dropped throw, E3
Batting: LHB Matt Reese 0-0: Ball
1-0: Swinging Strike
1-1: Swinging Strike
1-2: Ball
2-2: Foul Ball, location: 2F
2-2: Foul Ball, location: 2F
2-2: Foul Ball, location: 2F
2-2: Ball
3-2: Fly out, F7 (Flyball, 78M)
Bottom of the 3rd over - 0 runs, 0 hits, 1 error, 1 left on base; Rio Grande 0 - Penquannock 1
TOP OF THE 4TH
Rio Grande Rattlesnake batting - Pitching for Penquannock Overrated Jeter : RHP Ramiro Vargas
Batting: SHB Carlos Reyes 0-0: Ball
1-0: Ball
2-0: Called Strike
2-1: Swinging Strike
2-2: Ball
3-2: Base on Balls
Batting: LHB Claudio Rodríguez 0-0: Called Strike
0-1: Ball
1-1: Ball
2-1: Ball
3-1: Foul Ball, location: 2F
3-2: Base on Balls
Carlos Reyes to second
Batting: RHB Gary Thomas 0-0: Called Strike
0-1: Called Strike
0-2: Ball
1-2: Grounds into double play, 5-4-3 (Groundball, 56)
Carlos Reyes to third
Batting: LHB José Garza 0-0: Ball
1-0: Swinging Strike
1-1: Called Strike
1-2: Ball
2-2: Ball
3-2: Base on Balls
Batting: RHB Doug Delaney 0-0: Swinging Strike
0-1: Ball
1-1: Ball
2-1: Ball
3-1: Base on Balls
José Garza to second
Batting: RHB Paul Martin 0-0: Called Strike
0-1: Foul Ball, location: 2F
0-2: Ground out 5-3 (Groundball, 56S)
Top of the 4th over - 0 runs, 0 hits, 0 errors, 3 left on base; Rio Grande 0 - Penquannock 1
BOTTOM OF THE 4TH
Penquannock Overrated Jeter batting - Pitching for Rio Grande Rattlesnake : RHP Neil Snow
Batting: LHB Félix Costa 0-0: Ball
1-0: Foul Ball, location: 2F
1-1: Ball
2-1: Called Strike
2-2: SOLO HOME RUN (Flyball, 89XD), Distance : 401 ft
Batting: RHB Phil Wright 0-0: Ball
1-0: Called Strike
1-1: Swinging Strike
1-2: Ball
2-2: Foul Ball, location: 2F
2-2: Ground out U3 (Groundball, 3)
Batting: LHB Roberto Trujillo 0-0: Ball
1-0: Ball
2-0: Swinging Strike
2-1: Foul Ball, location: 2F
2-2: Fly out, F5 (Popup, 56)
Batting: RHB Gary Wyatt 0-0: Ball
1-0: Called Strike
1-1: Called Strike
1-2: SINGLE (Line Drive, 89S)
Batting: RHB Alberto Campos 0-0: Called Strike
0-1: Ball
Wild Pitch!
Gary Wyatt to second
1-1: Foul Ball, location: 2F
1-2: Fly out, F7 (Flyball, 7LD)
Bottom of the 4th over - 1 run, 2 hits, 0 errors, 1 left on base; Rio Grande 0 - Penquannock 2
TOP OF THE 5TH
Rio Grande Rattlesnake batting - Pitching for Penquannock Overrated Jeter : RHP Ramiro Vargas
Batting: SHB Jeremy Holmes 0-0: Ground out 4-3 (Groundball, 4)
Batting: RHB Gilberto Guzmán 0-0: Foul Ball, location: 2F
0-1: Ball
1-1: Foul Ball, location: 2F
1-2: Strikes out swinging
Batting: RHB Carlos Guevara 0-0: Called Strike
0-1: Foul Ball, location: 2F
0-2: Foul Ball, location: 2F
0-2: Foul Ball, location: 2F
0-2: Ground out 1-3 (Groundball, 13S)
Top of the 5th over - 0 runs, 0 hits, 0 errors, 0 left on base; Rio Grande 0 - Penquannock 2
BOTTOM OF THE 5TH
Penquannock Overrated Jeter batting - Pitching for Rio Grande Rattlesnake : RHP Neil Snow
Batting: LHB Eric Powell 0-0: Called Strike
0-1: Ball
1-1: Ball
2-1: Ball
3-1: Called Strike
3-2: Fly out, F9 (Flyball, 9S)
Batting: SHB Tim Reid 0-0: Called Strike
0-1: Ball
1-1: Foul Ball, location: 2F
1-2: Ball
2-2: SINGLE (Line Drive, 8RS)
Pitching: RHP Nelson Britt
Batting: SHB Cristián López 0-0: Ball
1-0: Foul Ball, location: 2F
1-1: Ball
2-1: Ball
3-1: Base on Balls
Tim Reid to second
Batting: LHB Matt Reese 0-0: Ball
1-0: Fielders Choice at 2nd, 4-6 (Groundball, 34)
Tim Reid to third
Batting: LHB Félix Costa 0-0: Foul Ball, location: 2F
0-1: Ball
1-1: Ball
2-1: SINGLE (Line Drive, 6D)
Tim Reid scores
Matt Reese to second
Batting: RHB Phil Wright 0-0: Called Strike
0-1: Ball
1-1: Ground out 4-3 (Groundball, 4)
Bottom of the 5th over - 1 run, 2 hits, 0 errors, 2 left on base; Rio Grande 0 - Penquannock 3
TOP OF THE 6TH
Rio Grande Rattlesnake batting - Pitching for Penquannock Overrated Jeter : RHP Ramiro Vargas
Batting: SHB Carlos Reyes 0-0: Ball
1-0: Ball
2-0: Ground out U3 (Groundball, 3)
Pitching: RHP Dustin Lynch
Batting: LHB Claudio Rodríguez 0-0: Called Strike
0-1: Foul Ball, location: 2F
0-2: SOLO HOME RUN (Flyball, 89XD), Distance : 411 ft
Batting: RHB Gary Thomas 0-0: Called Strike
0-1: Ball
1-1: Fly out, F3 (Popup, 23F)
Batting: LHB José Garza 0-0: Foul Ball, location: 2F
0-1: Ball
1-1: Ball
2-1: Ball
3-1: Called Strike
3-2: DOUBLE (Line Drive, 78D)
Batting: RHB Doug Delaney 0-0: Called Strike
0-1: Ball
1-1: Ball
2-1: Swinging Strike
2-2: Strikes out swinging
Top of the 6th over - 1 run, 2 hits, 0 errors, 1 left on base; Rio Grande 1 - Penquannock 3
BOTTOM OF THE 6TH
Penquannock Overrated Jeter batting - Pitching for Rio Grande Rattlesnake : RHP Nelson Britt
Batting: LHB Roberto Trujillo 0-0: Called Strike
0-1: Foul Ball, location: 2F
0-2: Ball
1-2: DOUBLE (Groundball, 3L)
Batting: RHB Gary Wyatt 0-0: Ball
1-0: Ball
2-0: SINGLE (Groundball, 56D)
Roberto Trujillo to third
Batting: RHB Alberto Campos 0-0: Ball
1-0: Called Strike
1-1: Ground out 5-3 (Groundball, 56S)
Roberto Trujillo scores
Gary Wyatt to second
Batting: LHB Eric Powell 0-0: Ball
1-0: Foul Ball, location: 2F
1-1: Ball
2-1: Foul Ball, location: 2F
2-2: Foul Ball, location: 2F
2-2: Ball
3-2: SINGLE (Groundball, 34D)
Gary Wyatt to third
Runner from 3rd tries for Home, SAFE, no throw
Pitching: RHP Juan Gutiérrez
Batting: SHB Tim Reid 0-0: Fielders Choice at 2nd, 4-6 (Groundball, 4)
Pitching: RHP Billy O'Neal
Batting: SHB Cristián López 0-0: Ball
1-0: Ball
2-0: Ball
3-0: Ground out 1-3 (Groundball, 15S)
Bottom of the 6th over - 2 runs, 3 hits, 0 errors, 1 left on base; Rio Grande 1 - Penquannock 5
TOP OF THE 7TH
Rio Grande Rattlesnake batting - Pitching for Penquannock Overrated Jeter : RHP Dustin Lynch
Batting: RHB Paul Martin 0-0: Ball
1-0: Ball
2-0: Ground out 6-3 (Groundball, 6)
Batting: SHB Jeremy Holmes 0-0: Foul Ball, location: 2F
0-1: SINGLE (Groundball, 4D)
Batting: RHB Gilberto Guzmán 0-0: Swinging Strike
0-1: Foul Ball, location: 2F
0-2: Strikes out looking
Batting: RHB Carlos Guevara 0-0: Called Strike
0-1: Ball
1-1: Foul Ball, location: 2F
1-2: Strikes out swinging
Top of the 7th over - 0 runs, 1 hit, 0 errors, 1 left on base; Rio Grande 1 - Penquannock 5
BOTTOM OF THE 7TH
Penquannock Overrated Jeter batting - Pitching for Rio Grande Rattlesnake : RHP Billy O'Neal
Batting: LHB Matt Reese 0-0: Fly out, F7 (Line Drive, 78D)
Batting: LHB Félix Costa 0-0: Called Strike
0-1: Foul Ball, location: 2F
0-2: Foul Ball, location: 2F
0-2: Foul Ball, location: 2F
0-2: Ball
1-2: Ball
2-2: Strikes out swinging
Batting: RHB Phil Wright 0-0: Called Strike
0-1: Ball
1-1: Called Strike
1-2: TRIPLE (Flyball, 89XD)
Batting: LHB Roberto Trujillo 0-0: Swinging Strike
0-1: Foul Ball, location: 2F
0-2: Ball
1-2: Ball
2-2: Foul Ball, location: 2F
2-2: Ball
3-2: Base on Balls
Batting: RHB Gary Wyatt 0-0: Foul Ball, location: 2F
0-1: Ball
1-1: Foul Ball, location: 2F
1-2: Ball
2-2: Ball
3-2: Foul Ball, location: 2F
3-2: Foul Ball, location: 2F
3-2: DOUBLE (Flyball, 89XD)
Phil Wright scores
Roberto Trujillo to third
Roberto Trujillo scores
Batting: RHB Alberto Campos 0-0: Ball
1-0: 2-RUN HOME RUN (Flyball, 9LD), Distance : 347 ft
Batting: LHB Eric Powell 0-0: Ball
1-0: Called Strike
1-1: Ball
2-1: Ball
3-1: Ground out 4-3 (Groundball, 4)
Bottom of the 7th over - 4 runs, 3 hits, 0 errors, 0 left on base; Rio Grande 1 - Penquannock 9
TOP OF THE 8TH
Rio Grande Rattlesnake batting - Pitching for Penquannock Overrated Jeter : RHP Dustin Lynch
Batting: SHB Carlos Reyes 0-0: Called Strike
0-1: Ball
1-1: Ball
2-1: Ball
3-1: Foul Ball, location: 2F
3-2: Foul Ball, location: 2F
3-2: SINGLE (Flyball, 89S)
Batting: LHB Claudio Rodríguez 0-0: Ball
1-0: Ball
2-0: Ball
3-0: Base on Balls
Carlos Reyes to second
Batting: RHB Gary Thomas 0-0: Called Strike
0-1: Fly out, F8 (Flyball, 8RM)
Batting: LHB José Garza 0-0: Called Strike
0-1: Swinging Strike
0-2: Strikes out looking
Batting: RHB Doug Delaney 0-0: Called Strike
0-1: Ball
1-1: Swinging Strike
1-2: Ball
2-2: Ball
3-2: Ground out 4-3 (Groundball, 4)
Top of the 8th over - 0 runs, 1 hit, 0 errors, 2 left on base; Rio Grande 1 - Penquannock 9
BOTTOM OF THE 8TH
Penquannock Overrated Jeter batting - Pitching for Rio Grande Rattlesnake : RHP Billy O'Neal
Batting: SHB Tim Reid 0-0: Ball
1-0: Foul Ball, location: 2F
1-1: Foul Ball, location: 2F
1-2: Reached on error, E4 (Groundball, 4MS)
Batting: SHB Cristián López 0-0: Ball
1-0: Foul Ball, location: 2F
1-1: Swinging Strike
1-2: Ball
2-2: Foul Ball, location: 2F
2-2: Ball
3-2: Strikes out swinging
Batting: LHB Matt Reese 0-0: Foul Ball, location: 2F
0-1: Ball
1-1: Ball
2-1: Ball
3-1: Base on Balls
Tim Reid to second
Batting: LHB Félix Costa 0-0: Called Strike
0-1: Ball
1-1: Foul Ball, location: 2F
1-2: Ball
2-2: Foul Ball, location: 2F
2-2: Ball
3-2: DOUBLE (Groundball, 3D)
Tim Reid scores
Matt Reese to third
Batting: RHB Phil Wright 0-0: Ball
1-0: SINGLE (Line Drive, 56D)
Matt Reese scores
Félix Costa to third
Runner from 3rd tries for Home, SAFE, no throw
Batting: LHB Roberto Trujillo 0-0: Ball
1-0: Called Strike
1-1: Swinging Strike
1-2: Foul Ball, location: 2F
1-2: Ball
Phil Wright steals 2nd base
2-2: Ball
3-2: Base on Balls
Pitching: RHP Cristián Román
Batting: RHB Gary Wyatt 0-0: Called Strike
0-1: Ball
1-1: Foul Ball, location: 2F
1-2: Foul Ball, location: 2F
1-2: Strikes out swinging
Batting: RHB Alberto Campos 0-0: Ball
1-0: Ball
2-0: Called Strike
2-1: Ball
3-1: Foul Ball, location: 2F
3-2: Base on Balls
Phil Wright to third
Roberto Trujillo to second
Batting: LHB Eric Powell 0-0: Ground out 4-3 (Groundball, 34)
Bottom of the 8th over - 3 runs, 2 hits, 1 error, 3 left on base; Rio Grande 1 - Penquannock 12
TOP OF THE 9TH
Rio Grande Rattlesnake batting - Pitching for Penquannock Overrated Jeter : RHP Dustin Lynch
Batting: RHB Paul Martin 0-0: Foul Ball, location: 2F
0-1: Ball
1-1: SINGLE (Line Drive, 78M)
Batting: SHB Jeremy Holmes 0-0: Ball
1-0: Called Strike
1-1: Ball
2-1: Foul Ball, location: 2F
2-2: Ball
3-2: Foul Ball, location: 2F
3-2: Foul Ball, location: 2F
3-2: Base on Balls
Paul Martin to second
Batting: RHB Gilberto Guzmán 0-0: Ball
1-0: Fielders Choice at 2nd, 4-6 (Groundball, 4MD)
Paul Martin to third
Batting: RHB Carlos Guevara 0-0: Fly out, F8 (Flyball, 8LD)
Runner from 3rd tags up, SCORES, no throw
Batting: SHB Carlos Reyes 0-0: Foul Ball, location: 2F
0-1: DOUBLE (Line Drive, 7LD)
Gilberto Guzmán to third
Pinch Hitting: RHB Joe Courtier 0-0: Ball
1-0: Swinging Strike
1-1: Ball
2-1: Ball
3-1: Base on Balls
Batting: RHB Gary Thomas 0-0: Called Strike
0-1: Foul Ball, location: 2F
0-2: Ball
Wild Pitch!
Gilberto Guzmán scores
Carlos Reyes to third
Joe Courtier to second
1-2: Foul Ball, location: 2F
1-2: Strikes out looking
Top of the 9th over - 2 runs, 2 hits, 0 errors, 2 left on base; Rio Grande 3 - Penquannock 12
Saturday, December 16th, 2017 - OOTP Baseball 18.8 Build 76